 Dungeon Crawl Stone Soup version 0.26-a0-810-ge1a9524b62 (webtiles) character file.

Game seed: 1042340538134610417

7194 iamoutofideas the Grappler (level 10, 0/92 HPs)
             Began as a Troll Hunter on Nov 13, 2020.
             Was a High Priest of Okawaru.
             Shot with an arrow by a centaur (8 damage)
             ... on level 11 of the Dungeon.
             The game lasted 00:12:18 (9100 turns).

iamoutofideas the Grappler (Troll Hunter)           Turns: 9100, Time: 00:12:19

Health: 0/92       AC:  7    Str: 24    XL:     10   Next: 87%
Magic:  9/9        EV: 11    Int:  8    God:    Okawaru [*****.]
Gold:   641        SH:  0    Dex: 10    Spells: 9/9 levels left

rFire    . . .     SeeInvis .     - Unarmed
rCold    . . .     Faith    .   (no shield)
rNeg     + . .     Spirit   .   b - +0 robe
rPois    +         Reflect  .   (helmet restricted)
rElec    .         Harm     .   M - +0 cloak (curse)
rCorr    .         Rampage  .   (gloves unavailable)
MR       .....                  (boots unavailable)
Stlth    ++........             (no amulet)
HPRegen  0.65/turn              e - ring of positive energy
MPRegen  0.11/turn              B - ring of poison resistance

@: no status effects
A: large, unfitting armour, claws 3, regeneration 1, shaggy fur 1, tough skin 3
a: Heroism, Finesse, Renounce Religion


You were on level 11 of the Dungeon.
You worshipped Okawaru.
Okawaru was extremely pleased with you.
You visited 2 branches of the dungeon, and saw 12 of its levels.

You collected 674 gold pieces.
You spent 33 gold pieces at shops.

Inventory:

Missiles
 c - 10 large rocks (quivered)
 d - 5 throwing nets
 f - 234 stones
Armour
 a - a +0 kite shield of reflection
 b - a +0 robe (worn)
 M - a cursed +0 cloak (worn)
Jewellery
 e - a ring of positive energy (left claw)
 B - a ring of poison resistance (right claw)
 D - an uncursed ring of flight
 J - an uncursed ring of protection from magic {unknown}
 L - a cursed ring of resist corrosion
Wands
 g - a wand of disintegration (15)
 x - a wand of acid (10)
 y - a wand of paralysis (11)
 C - a wand of enslavement (5)
Scrolls
 h - 3 scrolls of remove curse
 m - a scroll of magic mapping {unknown}
 q - 3 scrolls of teleportation
 s - a scroll of enchant armour {unknown}
 t - 3 scrolls of fear {unknown}
 u - 4 scrolls of blinking
 w - a scroll of immolation {unknown}
 z - a scroll of fog {unknown}
 A - 3 scrolls of amnesia {unknown}
 E - 2 scrolls of enchant weapon
 F - a scroll of random uselessness {unknown}
 H - 2 scrolls of vulnerability {unknown}
 N - a scroll of identify
Potions
 i - a potion of berserk rage {unknown}
 j - 3 potions of might
 k - a potion of invisibility
 l - a potion of mutation {unknown}
 n - 2 potions of curing
 o - 2 potions of resistance
 p - 2 potions of attraction
 r - 5 potions of lignification
 v - 2 potions of brilliance {unknown}
 G - a potion of degeneration {unknown}
 I - a potion of haste {unknown}
 K - a potion of heal wounds {unknown}


   Skills:
 + Level 3.7 Fighting
 * Level 5.9 Throwing
 + Level 5.2 Dodging
 + Level 1.7 Stealth
 + Level 13.3 Unarmed Combat
 + Level 0.3 Invocations


You had 9 spell levels left.
You didn't know any spells.
Your spell library contained the following spells:

 Spells                   Type           Power        Failure   Level
 Cause Fear               Hex            #.........   99%         4
 Silence                  Hex/Air        #.........   100%        5
 Yara's Violent Unravell  Hex/Tmut       #.........   100%        5
 Discord                  Hex            #.........   100%        8


Dungeon Overview and Level Annotations

Branches:
Dungeon (11/15)            Temple (1/1) D:4            Lair (0/6) D:8
    Orc: D:9-12

Altars:
Ashenzari
Cheibriados
Dithmenos
Elyvilon
Fedhas
Gozag
Hepliaklqana
Kikubaaqudgha
Makhleb
Nemelex Xobeh
Okawaru
Qazlal
Ru
Sif Muna
Trog
Uskayaw
Vehumet
Wu Jian
Xom
Yredelemnul
Zin
The Shining One
Beogh

Shops:
D:5 *

Annotations:
D:3 3 runed translucent doors, Talea's ghost, amateur DsAK; Zenkrye's ghost, amateur DgWn
D:8 4 runed translucent doors


Innate Abilities, Weirdness & Mutations

You are too large for most types of armour.
You have claws for hands.
Your natural rate of healing is unusually fast.
You are covered in fur. (AC +1)
You have extremely tough skin. (AC +3)


Message History

The arrow completely misses you.
You mangle the two-headed ogre!!
The two-headed ogre is almost dead.
The two-headed ogre hits you with a +0 giant club!
The two-headed ogre hits you with a +0 giant club!!
* * * LOW HITPOINT WARNING * * *
You mangle the two-headed ogre!!
You kill the two-headed ogre!
Okawaru is honoured by your kill.
The centaur shoots an arrow.
The arrow hits you!
* * * LOW HITPOINT WARNING * * *
The centaur shoots an arrow.
The arrow barely misses you.
The centaur unwields a +0 shortbow.
The centaur hits you.
* * * LOW HITPOINT WARNING * * *
You feel better.
The centaur shoots an arrow.
The arrow hits you.
* * * LOW HITPOINT WARNING * * *
The centaur shoots an arrow.
The arrow hits you!
* * * LOW HITPOINT WARNING * * *
The centaur barely misses you.
The centaur shoots an arrow.
The arrow hits you!
You die...

# .. #####
## ... #...
...
....##... ..
.....c..##.#
.......c)..#
#c..@...#
##......#
##.....#
.###..# ..
.... ...
..... ...
..... .>..
..###


You could see 3 centaurs.

Vanquished Creatures
  Harold (D:9)
  2 two-headed ogres
  A deep elf mage (D:8)
  An elephant (D:8)
  Prince Ribbit (D:5)
  4 yaks
  A vampire (D:9)
  2 basilisks (D:8)
  Eustachio (D:3)
  2 orc warriors (D:7)
  A sky beast (D:3)
  3 black bears
  3 phantoms
  2 ice beasts (D:8)
  An ogre (D:6)
  3 centaurs
  5 bullfrogs
  A water moccasin skeleton (D:6)
  5 killer bees (D:9)
  4 wights (D:6)
  A howler monkey (D:4)
  2 bullfrog zombies
  2 bullfrog skeletons
  2 centaur skeletons
  4 hounds
  3 jellies
  4 orc priests
  6 orc wizards
  Jessica (D:2)
  An iguana (D:9)
  4 worker ants
  A hound zombie (D:8)
  2 hound skeletons (D:6)
  2 worker ant zombies (D:8)
  8 adders
  6 white imps
  An ufetubus (D:8)
  2 oozes
  An adder skeleton (D:9)
  3 adder zombies
  2 worms
  2 dart slugs (D:1)
  9 leopard geckos
  31 orcs
  A ball python (D:3)
  6 giant cockroaches
  4 goblins
  5 hobgoblins
  6 jackals
  4 kobolds
  2 quokkas
  9 bats
  4 frilled lizards
  A jackal skeleton (D:4)
  A leopard gecko skeleton (D:4)
  5 rats
192 creatures vanquished.

Vanquished Creatures (others)
  A quokka (D:4)
  A fungus (D:8)
  A plant (D:8)
3 creatures vanquished.

Grand Total: 195 creatures vanquished

Notes
Turn   | Place    | Note
-------+----------+-------------------------------------------
     0 | D:1      | iamoutofideas the Troll Hunter began the quest for the Orb.
     0 | D:1      | Reached XP level 1. HP: 19/19 MP: 0/0
    96 | D:1      | Reached skill level 1 in Unarmed Combat
   140 | D:1      | Reached XP level 2. HP: 27/27 MP: 1/1
   224 | D:1      | Reached skill level 2 in Unarmed Combat
   609 | D:2      | Noticed Jessica
   618 | D:2      | Killed Jessica
   618 | D:2      | Reached skill level 3 in Unarmed Combat
   618 | D:2      | Reached XP level 3. HP: 33/33 MP: 2/2
  1190 | D:2      | Reached XP level 4. HP: 41/41 MP: 3/3
  1391 | D:3      | Reached skill level 4 in Unarmed Combat
  1784 | D:3      | Found a runed translucent gate.
  1784 | D:3      | Found a runed translucent gate.
  1784 | D:3      | Found a runed translucent gate.
  1784 | D:3      | Noticed Zenkrye's ghost (amateur DgWn)
  1784 | D:3      | Noticed Talea's ghost (amateur DsAK)
  2205 | D:4      | Reached XP level 5. HP: 18/48 MP: 4/4
  2282 | D:4      | Reached skill level 5 in Unarmed Combat
  2439 | D:4      | Reached XP level 6. HP: 55/55 MP: 5/5
  2450 | D:4      | Noticed a sky beast
  2457 | D:4      | Noticed Eustachio
  2509 | D:3      | Killed a sky beast
  2509 | D:3      | Reached skill level 6 in Unarmed Combat
  2530 | D:3      | Killed Eustachio
  2530 | D:3      | Reached skill level 7 in Unarmed Combat
  2707 | D:4      | Found a white marble altar of Elyvilon.
  2761 | D:4      | Found a staircase to the Ecumenical Temple.
  2860 | Temple   | Entered the Ecumenical Temple
  3055 | Temple   | Became a worshipper of Warmaster Okawaru
  3326 | D:5      | Entered Level 5 of the Dungeon
  3334 | D:5      | Reached XP level 7. HP: 62/62 MP: 6/6
  3620 | D:5      | Found Woefoip's General Store.
  3628 | D:5      | Bought a potion of curing for 33 gold pieces
  3687 | D:5      | Noticed Prince Ribbit
  3705 | D:5      | Killed Prince Ribbit
  3705 | D:5      | Reached * piety under Okawaru
  3705 | D:5      | Reached skill level 5 in Throwing
  3977 | D:6      | Reached skill level 8 in Unarmed Combat
  4096 | D:6      | Reached XP level 8. HP: 54/71 MP: 7/7
  4259 | D:6      | Reached ** piety under Okawaru
  4438 | D:6      | Reached skill level 9 in Unarmed Combat
  5260 | D:6      | Reached skill level 10 in Unarmed Combat
  5314 | D:7      | Reached XP level 9. HP: 57/79 MP: 8/8
  5783 | D:7      | Reached skill level 1 in Stealth
  5951 | D:3      | Found an opulent altar of Gozag.
  6241 | D:8      | Noticed an elephant
  6252 | D:8      | Killed an elephant
  6274 | D:8      | Reached *** piety under Okawaru
  6274 | D:8      | Reached skill level 11 in Unarmed Combat
  6660 | D:8      | Found a huge runed translucent gate.
  6660 | D:8      | Found a huge runed translucent gate.
  6660 | D:8      | Found a huge runed translucent gate.
  6660 | D:8      | Found a huge runed translucent gate.
  6660 | D:8      | Noticed a polar bear
  6660 | D:8      | Noticed a polar bear
  6660 | D:8      | Noticed a polar bear
  6660 | D:8      | Noticed a polar bear
  6660 | D:8      | Noticed a polar bear
  6965 | D:8      | Found a staircase to the Lair.
  7037 | D:8      | Reached **** piety under Okawaru
  7266 | D:8      | Noticed a deep elf mage
  7271 | D:8      | Killed a deep elf mage
  7271 | D:8      | Reached skill level 12 in Unarmed Combat
  7271 | D:8      | Reached XP level 10. HP: 73/91 MP: 9/9
  7356 | D:8      | Received a gift from Okawaru
  7605 | D:9      | Noticed Harold
  7618 | D:9      | Killed Harold
  8046 | D:9      | Noticed a two-headed ogre
  8056 | D:9      | Killed a two-headed ogre
  8056 | D:9      | Reached ***** piety under Okawaru
  8056 | D:9      | Reached skill level 13 in Unarmed Combat
  8799 | D:10     | Entered Level 10 of the Dungeon
  8926 | D:10     | Reached skill level 5 in Dodging
  9075 | D:10     | Found a roughly hewn altar of Beogh.
  9096 | D:11     | Noticed a two-headed ogre
  9099 | D:11     | Killed a two-headed ogre
  9100 | D:11     | Shot with an arrow by a centaur

Illustrated notes

Levels and vault maps discovered:
D:1:      minmay_arrival_shattered_statue, layout_rooms
D:2:      layout_basic, chequers_decorated_corner, kennysheep_generic_room_3,
          uniq_jessica
D:3:      lemuel_upstairs_altar, layout_basic, gammafunk_ghost_cemetery
D:4:      layout_loops_ring, elyvilon_altar_4, minmay_temple_entry_nine_rooms,
          minmay_crystal_room, uniq_eustachio
D:5:      layout_rooms, serial_shops, shop, uniq_prince_ribbit1
D:6:      layout_loops_corners, minmay_fractal_squares_5
D:7:      layout_basic
D:8:      lemuel_bear_cage, layout_basic, david_lair_generic,
          guppyfry_early_elven_hall
D:9:      layout_irregular_city, nicolae_benzene_ring, uniq_harold
D:10:     layout_cave_pods, david_orc_5, roderic_nine_men_s_morris,
          nicolae_dithmenos_the_darkroom
D:11:     layout_cave_pools, uniq_psyche
Temple:   roderic_octagonal_lattice_temple

Skill      XL: |  1  2  3  4  5  6  7  8  9 10 |
---------------+-------------------------------+-----
Unarmed Combat | 1 3 4 5 7 8 10 12 13 | 13.3
Throwing       | 5 |  5.9
Dodging        | 3 4 5 |  5.2
Fighting       | 2 3 |  3.7
Stealth        | 1 |  1.7
Invocations    | |  0.3

Action                   |  1- 3 |  4- 6 |  7- 9 | 10-12 || total
-------------------------+-------+-------+-------+-------++-------
Melee: Unarmed           |    98 |   135 |   306 |   109 ||   648
       Short sword       |     1 |       |       |       ||     1
       Punch             |       |     4 |    12 |    10 ||    26
Invok: Heroism           |       |       |       |     2 ||     2
  Use: Scroll            |       |     5 |     4 |     2 ||    11
       Potion            |       |       |     2 |     5 ||     7
 Stab: Sleeping          |       |     1 |     2 |     1 ||     4
Armor: Robe              |    48 |    50 |    56 |    16 ||   170
Dodge: Dodged            |    77 |    73 |   119 |    65 ||   334

Table legend: (Time is in decaauts)
 A = Elapsed time spent in this place.
 B = Non-inter-level travel time spent in this place.
 C = Inter-level travel time spent in this place.
 D = Time resting spent in this place.
 E = Time spent auto-exploring this place.
 F = Levels seen in this place.
 G = Mean time per level.
                   A        B        C        D        E       F      G
               +--------+--------+--------+--------+--------+-----+--------+
         Total |   9008 |   8318 |    690 |    856 |   6042 |  12 |  750.7 |
       Dungeon |   8718 |   8081 |    637 |    856 |   5810 |  11 |  792.5 |
        Temple |    290 |    238 |     52 |      0 |    232 |   1 |  290.0 |
               +--------+--------+--------+--------+--------+-----+--------+

Top non-repeatable levels by time:
     D:8: 1342 daAuts
     D:9: 1331 daAuts
     D:6: 1150 daAuts
     D:4: 969 daAuts
     D:3: 902 daAuts
     D:7: 840 daAuts
     D:2: 826 daAuts
     D:5: 594 daAuts
     D:1: 465 daAuts
    D:10: 292 daAuts
  Temple: 290 daAuts
    D:11: 2 daAuts
